cohdb
Replays
Latest Replays
All Replays
Popular Replays
Top Player Replays
Match Explorer
How It Works
Community
CoH3 Stats
Reddit
Sign in to upload your games and track your stats! →
Sign in with Steam
Match 42086751
Unlisted
Match 42086751
Overview
Messages
Build Orders
End
Panzergrenadier Squad
250 Light Carrier
Panzerpioneer Squad
Selects Panzerjäger Kommand Battlegroup
Construct Light Support Kompanie
Selects GrB 39 Grenade Launcher Requisition
Selects Mine Fields
MG34 Team
2.5-tonne Medical Truck
Panzerjäger Squad
Fire Support Elements
Panzerjäger Mechanized Group
Selects Defensive Positions
Construct Mechanized Kompanie
Combat Half-tracks
Selects Butterfly Bomb Drop
Flakvierling Half-track
Marder III Tank Destroyer
Assault Mechanized Group
Tungsten Core Ammunition
Butterfly Bomb Drop
Rapid Advance
Selects Crew Shock Tactics
gabriel099
Hank
Microsoft Outlook
deadsadbadmad
0
0
Comments
sign in to comment!
No comments posted yet!